 Dungeon Crawl Stone Soup version 0.28-b1-1-g3c77fb2ed1 (webtiles) character file.

Game seed: 2646775918772137713

60 Minsecho the Vexing (level 4, -7/42 HPs)
             Began as an Ogre Arcane Marksman on Jan 30, 2022.
             Mangled by Natasha (9 damage)
             ... on level 2 of the Dungeon.
             The game lasted 00:03:03 (2365 turns).

Minsecho the Vexing (Ogre Arcane Marksman)          Turns: 2365, Time: 00:03:04

Health: -7/42      AC:  3    Str: 14    XL:     4   Next: 6%
Magic:  6/6        EV: 10    Int: 14    God:
Gold:   89         SH:  0    Dex: 11    Spells: 5/6 levels left

rFire   + . .      SeeInvis .   n - +0 mace
rCold   + . .      Faith    .   (no shield)
rNeg    + . .      Spirit   .   a - +0 robe
rPois   +          Reflect  .   (helmet restricted)
rElec   +          Harm     .   (no cloak)
rCorr   +          Rampage  .   (gloves unavailable)
Will    .....                   (boots unavailable)
Stlth   +.........              (no amulet)
HPRegen 0.14/turn               h - ring of positive energy
MPRegen 0.10/turn               (no ring)

@: mighty, resistant
A: large, unfitting armour, tough skin 1
a: no special abilities


You were on level 2 of the Dungeon.
You visited 1 branch of the dungeon, and saw 2 of its levels.

You collected 89 gold pieces.

Inventory:

Hand Weapons
 j - a +0 short sword
 n - a +0 mace (weapon)
Missiles
 b - 3 large rocks (quivered)
 c - 2 throwing nets
 l - 6 poisoned darts
 o - 3 javelins
Armour
 a - a +0 robe (worn)
Jewellery
 h - a ring of positive energy (left hand)
Scrolls
 f - a scroll of enchant weapon {unknown}
 g - a scroll of immolation {unknown}
 i - a scroll of identify {unknown}
 k - a scroll of enchant armour {unknown}
 m - a scroll of teleportation {unknown}
 p - a scroll of blinking {unknown}


   Skills:
 + Level 1.9 Fighting
 - Level 0.4 Short Blades
 + Level 0.7 Maces & Flails
 + Level 2.1 Throwing
 + Level 2.5 Dodging
 + Level 0.4 Stealth
 + Level 1.5 Spellcasting
 + Level 3.1 Hexes


You had 5 spell levels left.
You knew the following spells:

 Your Spells              Type           Power      Damage    Failure   Level
a - Slow                  Hex            36%        N/A       7%          1

Your spell library contained the following spells:

 Spells                   Type           Power      Damage    Failure   Level
 Inner Flame              Hex/Fire       5%         N/A       36%         3
 Portal Projectile        Hex/Tloc       10%        N/A       36%         3
 Cause Fear               Hex            4%         N/A       56%         4


Dungeon Overview and Level Annotations

Branches:
Dungeon (2/15)

Altars:

Annotations:
D:2 Natasha


Innate Abilities, Weirdness & Mutations

You are too large for most types of armour.
You have tough skin. (AC +1)


Message History

The bat hits you. Natasha barely misses you.
You hit Natasha.
Natasha is almost dead.
The bat hits you but does no damage. Natasha closely misses you.
The crimson imp hits you.
You barely miss Natasha. Your punch misses Natasha.
Natasha is almost dead.
The bat hits you. Natasha closely misses you.
The crimson imp closely misses you. Natasha claws you.
The crimson imp hits you.
You miss Natasha.
Natasha is almost dead.
The bat completely misses you. Natasha casts a spell at you.
You resist with some effort.
The crimson imp blinks!
You closely miss Natasha.
Natasha is almost dead.
The bat hits you.
Natasha stares at you and mumbles some strange words.
The magic dart hits you! The bat hits you. Natasha barely misses you.
You hit Natasha but do no damage.
Natasha is almost dead.
The bat barely misses you. Natasha claws you!
* * * LOW HITPOINT WARNING * * *
The bat barely misses you.
You closely miss Natasha.
Natasha is almost dead.
The bat barely misses you. The bat hits you but does no damage.
Natasha claws you.
* * * LOW HITPOINT WARNING * * *
The bat closely misses you.
You aren't carrying any items that you can evoke.
It was a potion of resistance.
You feel protected. The bat barely misses you.
Natasha claws you but does no damage. The crimson imp closely misses you.
It was a potion of might.
You feel very mighty all of a sudden. Natasha claws you!
You die...

# #.#..#. #.#..#. #
######.#..#. #.
#.......###.
#.#######.......'...
#####.#.....#.......####
........###.########....
(.....b.# #.# #...>
......h@# #.# #....
......5.# #.# #....
........# #.# ###.#
........# #.# #..
........# #.# #########
.......## #.####.....###
.[..... #.............
....... ######.....###
#†....#..


You could see Natasha, a crimson imp (summoned) and a bat.

Vanquished Creatures
  Natasha (D:2)
  4 bats
  6 endoplasms
  3 giant cockroaches
  4 hobgoblins
  A quokka (D:1)
  3 ball pythons
  2 frilled lizards
  A goblin (D:2)
  4 kobolds
  4 rats
33 creatures vanquished.

Notes
Turn   | Place    | Note
-------+----------+-------------------------------------------
     0 | D:1      | Minsecho the Ogre Arcane Marksman began the quest for the
                  | Orb.
     0 | D:1      | Reached XP level 1. HP: 19/19 MP: 2/2
   446 | D:1      | Reached XP level 2. HP: 26/27 MP: 3/3
   585 | D:1      | Reached skill level 3 in Hexes
  1445 | D:1      | Found a faded altar of an unknown god.
  1816 | D:2      | Noticed Natasha
  1828 | D:2      | Killed Natasha
  1829 | D:2      | Reached XP level 3. HP: 6/35 MP: 1/5
  2288 | D:2      | Reached XP level 4. HP: 42/42 MP: 6/6
  2349 | D:2      | Noticed Natasha
  2363 | D:2      | HP: 2/42 [Natasha (5)]
  2365 | D:2      | Mangled by Natasha

Illustrated notes

Levels and vault maps discovered:
D:1:      ncdulo_smallfort, layout_loops_cross, serial_bayou,
          serial_bayou_crossing, serial_bayou_pond_a, serial_bayou_pond_e,
          serial_bayou_pond_a, serial_bayou_pond_c, serial_bayou_pond_e,
          hellmonk_ecumenical_altar_lost_god
D:2:      layout_basic, minivault_4, minmay_tripent, uniq_natasha

Skill      XL: |  1  2 |
---------------+-------+-----
Dodging        | 2 |  2.5
Hexes          | 3 |  3.1
Fighting       | |  1.9
Short Blades   | |  0.4
Maces & Flails | |  0.7
Throwing       | |  2.1
Stealth        | |  0.4
Spellcasting   | |  1.5

Action                   |  1- 3 |  4- 6 || total
-------------------------+-------+-------++-------
Melee: Unarmed           |    18 |       ||    18
       Dagger            |    44 |       ||    44
       Short sword       |    31 |       ||    31
       Mace              |    41 |    25 ||    66
       Punch             |     2 |       ||     2
Throw: Large rock        |     4 |     2 ||     6
 Cast: Slow              |     8 |       ||     8
  Use: Potion            |       |     2 ||     2
Armor: Robe              |    51 |    27 ||    78
Dodge: Dodged            |    81 |    37 ||   118
